 Dungeon Crawl Stone Soup version 0.29.1-15-g9cfb28693d (webtiles) character file.

Game seed: 8131135328425666382

63 Sanktem7 the Trooper (level 3, -2/34 HPs)
             Began as a Minotaur Fighter on Mar 9, 2023.
             Slain by a goblin
             ... wielding a +0 club
             ... led by Robin
              (4 damage)
             ... on level 3 of the Dungeon.
             The game lasted 00:02:11 (1518 turns).

Sanktem7 the Trooper (Minotaur Fighter)             Turns: 1518, Time: 00:02:11

Health: -2/34      AC:  8    Str: 22    XL:     3   Next: 87%
Magic:  2/2        EV:  9    Int:  5    God:
Gold:   83         SH:  4    Dex:  9    Spells: 2/2 levels left

rFire   . . .      SeeInvis .   a - +0 war axe {axe}
rCold   . . .      Faith    .   c - +0 buckler
rNeg    . . .      Spirit   .   b - +0 scale mail
rPois   .          Reflect  .   (helmet restricted)
rElec   .          Harm     .   (no cloak)
rCorr   .          Rampage  .   (no gloves)
Will    .....                   q - +0 pair of boots
Stlth   ..........              (no amulet)
HPRegen 0.11/turn               (no ring)
MPRegen 0.08/turn               (no ring)

@: no status effects
A: horns 2, retaliatory headbutt
a: no special abilities


You were on level 3 of the Dungeon.
You visited 1 branch of the dungeon, and saw 3 of its levels.

You collected 83 gold pieces.


Innate Abilities, Weirdness & Mutations

You have a pair of horns on your head.
You reflexively headbutt those who attack you in melee.


   Skills:
 * Level 4.5 Fighting
 * Level 3.6 Axes
 + Level 4.0 Armour
 + Level 4.0 Shields


You had 2 spell levels left.
You didn't know any spells.
Your spell library contained the following spells:

 Spells                   Type           Power      Damage    Failure   Level
 Sandblast                Erth           0%         2d4       87%         1
 Passwall                 Tmut/Erth      0%         N/A       95%         2
 Gell's Gravitas          Tloc           0%         N/A       99%         3
 Lesser Beckoning         Tloc           0%         N/A       99%         3
 Stone Arrow              Conj/Erth      0%         3d7       99%         3
 Teleport Other           Tloc           0%         N/A       99%         3

Inventory:

Hand Weapons
 a - a +0 war axe (weapon) {axe}
 o - a +3 dagger {short}
   (You found it on level 2 of the Dungeon)
Missiles
 h - 17 stones (quivered) {throwing}
 i - 2 poisoned darts {throwing}
 w - 5 javelins {throwing}
Armour
 b - a +0 scale mail (worn)
 c - a +0 buckler (worn)
 q - a +0 pair of boots (worn)
   (You found it on level 2 of the Dungeon)
Scrolls
 e - 3 scrolls of identify {unknown}
 f - 2 scrolls of vulnerability {unknown}
 g - a scroll of immolation {unknown}
 k - 4 scrolls of teleportation {unknown}
 m - a scroll of summoning {unknown}
 p - 3 scrolls of fear {unknown}
 s - a scroll of magic mapping {unknown}
 t - a scroll of butterflies {unknown}
Potions
 d - 2 potions of might
 j - 2 potions of magic {unknown}
 l - a potion of haste {unknown}
 n - a potion of lignification {unknown}
 r - 3 potions of heal wounds {unknown}
 u - a potion of flight {unknown}
 v - a potion of invisibility {unknown}
 x - 3 potions of cancellation {unknown}

Dungeon Overview and Level Annotations

Branches:
Dungeon (3/15) Zot: 16442

Altars:

Annotations:
D:3 Robin

##.####..#.##...##...[..# #.#.#
...........##...##......# #.#.#
...........##...##......#####.#.#
...........##...###........##.#.#
.............##...#........##.#.#
##+#.......#.####..........##....
....####.#.#######..#########.#
.....##.......#####.....######.#
.....##..g.g.gg@g...............
'......g#####.###.#####..#
#....g..# #.# ..# #..# #....g..#
#.# .# #..# #.......# #.. . ....
......)...# #.. .#..#
g......###### .... ..#..# .......
.... .. #..#


gg..... #.# #..# You could see Robin, 4 hobgoblins and 3 goblins.


Message History

You closely miss the jackal.
The jackal bites you but does no damage.
The jackal closely misses you.
You barely miss the jackal. The jackal barely misses you.
The jackal misses you. You furiously retaliate!
You headbutt the jackal. You hit the jackal.
You kill the jackal!
The adder closely misses you.
Your Armour skill increases to level 4!
You closely miss the adder. Your headbutt misses the adder.
You block the adder's attack. The adder bites you. 😕 HP[-1]
You take 1 damage, and now have 31/34 hp.
Robin shouts!
You slash the adder! The adder barely misses you.
You barely miss the adder. The adder bites you.
You are poisoned.
The adder poisons you!
A hobgoblin comes into view.
A goblin comes into view. It is wielding a +0 dagger.
Robin roars a battlecry!
The goblins go into a battle-frenzy!
The adder closely misses you. You furiously retaliate!
You headbutt the adder.
You kill the adder!
You hear a shout! 😕 HP[-3]
You take 3 damage, and now have 28/34 hp.
A hobgoblin comes into view.
You feel sick.
The hobgoblin shouts!
The goblin shouts!
The hobgoblin shouts!
Robin roars a battlecry!
You hear a shout!
Things that are here:
an adder corpse; a jackal corpse; 😕 HP[-2]
You take 2 damage, and now have 26/34 hp.
You feel sick.
You hear a shout!
A goblin comes into view. It is wielding a +0 club. 😮 HP[-1]
You take 1 damage, and now have 25/34 hp.
You feel sick. Robin throws the goblin at you! You block the goblin's attack.
Things that are here:
an adder corpse; a jackal corpse; 😮 HP[-1]
You take 1 damage, and now have 24/34 hp.
You closely miss the goblin.
You feel sick.
Robin zaps a wand.
The roots erupt in riotous growth!
The grasping roots grab you!
The goblin is unaffected.
The grasping roots constrict you. The goblin hits you but does no damage.
Robin says, "My army is invincible!"
Robin roars a battlecry!
The grasping roots constrict you. You block the goblin's attack.
The hobgoblin shouts!
You hear a bark! x2 😮 HP[-4]
You take 4 damage, and now have 20/34 hp.
You closely miss the goblin. You headbutt the goblin.
You kill the goblin!
You hit the hobgoblin.
You feel sick.
You are no longer poisoned.
The hobgoblin hits you but does no damage.
The grasping roots constrict you.
A goblin comes into view. It is wielding a +0 dagger. 😮 HP[-2]
You take 2 damage, and now have 18/34 hp.
You escape the roots grasp.
The hobgoblin attacks as you move away! The hobgoblin barely misses you.
Robin flexes a bicep menacingly.
Robin zaps a wand.
The roots erupt in riotous growth!
The hobgoblin is unaffected.
The hobgoblin is unaffected.
The grasping roots grab you! The grasping roots constrict you.
You hear a bark!
Things that are here:
a +0 dagger {short}; a goblin corpse; a jackal corpse The roots grasp on you weakens, but your attempt to escape fails.
The hobgoblin barely misses you. Robin throws the goblin at you!
* * * LOW HITPOINT WARNING * * *
The grasping roots constrict you.
* * * LOW HITPOINT WARNING * * *
😨 HP[-7]
You take 7 damage, and now have 11/34 hp.
MASSIVE DAMAGE!! (PAUSE)
You closely miss the goblin. You hit the hobgoblin but do no damage.
The goblin barely misses you. You block the hobgoblin's attack.
The grasping roots constrict you.
* * * LOW HITPOINT WARNING * * *
A hobgoblin comes into view.
The grasping roots release their grip on you. 😨 HP[-1]
You take 1 damage, and now have 10/34 hp.
You miss the goblin. You closely miss the hobgoblin.
The goblin hits you with a +0 club.
* * * LOW HITPOINT WARNING * * *
The hobgoblin hits you.
* * * LOW HITPOINT WARNING * * *
The goblin hits you with a +0 club.
You die...

Skill      XL: |  1  2  3 |
---------------+----------+-----
Axes           | 3 |  3.6
Fighting       | 4 |  4.5
Shields        | 4 |  4.0
Armour         | 4 |  4.0

Action                   || total
-------------------------++-------
Melee: War axe           ||    94
       Headbutt          ||    13
Armor: Scale mail        ||    48
Dodge: Dodged            ||    48
Block: Buckler           ||    23

Levels and vault maps discovered:
D:1:      dpeg_arrival_round_a, layout_rooms, ebering_ecumenical_altar_mist
D:2:      layout_basic, chequers_serial_rivers_small_3, grunt_ministairs_9
D:3:      layout_basic, uniq_robin

Notes
Turn   | Place    | Note
-------+----------+-------------------------------------------
     0 | D:1      | Sanktem7 the Minotaur Fighter began the quest for the Orb.
     0 | D:1      | Reached XP level 1. HP: 19/19 MP: 0/0
     0 | D:1      | magus.rc [v1.9.6]
   128 | D:1      | Reached XP level 2. HP: 27/27 MP: 1/1
   137 | D:1      | Found a faded altar of an unknown god.
   171 | D:1      | Reached skill level 3 in Axes
   175 | D:1      | Reached skill level 4 in Fighting
   294 | D:1      | You pick up a book of Geomancy and begin reading...
   294 | D:1      | You add the spells Sandblast, Passwall and Stone Arrow to
                  | your library.
   379 | D:1      | Reached XP level 3. HP: 33/33 MP: 2/2
   388 | D:1      | You pick up a book of Displacement and begin reading...
   388 | D:1      | You add the spells Lesser Beckoning, Gell's Gravitas and
                  | Teleport Other to your library.
  1478 | D:3      | Noticed Robin
  1496 | D:3      | Reached skill level 4 in Shields
  1507 | D:3      | Reached skill level 4 in Armour
  1518 | D:3      | HP: 4/34 [goblin/+0 club[Robin] (6)]
  1518 | D:3      | Slain by a goblin

Vanquished Creatures
  An adder (D:3)
  A dart slug (D:1)
  An orc (D:3)
  An endoplasm (D:1)
  5 goblins
  5 hobgoblins
  6 jackals
  3 quokkas (D:1)
  5 ball pythons
  6 bats
  A frilled lizard (D:2)
  3 kobolds
  9 rats
47 creatures vanquished.

Table legend:
 A = Non-vault XP
 B = Vault XP
 C = Vault XP percentage of total XP
 D = Non-vault monster count
 E = Vault monster count
 F = Vault count percentage of total count
                 A         B        C        D         E       F
            +---------+---------+-------+---------+---------+-------
      Total |      81 |       9 |  10.0 |      42 |       5 |  10.6
            +---------+---------+-------+---------+---------+-------
        D:1 |      41 |       0 |   0.0 |      24 |       0 |   0.0
        D:2 |      12 |       2 |  14.3 |       9 |       1 |  10.0
        D:3 |      28 |       7 |  20.0 |       9 |       4 |  30.8
            +---------+---------+-------+---------+---------+-------

Illustrated notes

Table legend:
 A = Kills in this place as a percentage of kills in entire the game.
 B = Kills by you in this place as a percentage of kills by you in the entire game.
 C = Kills by friends in this place as a percentage of kills by friends in the entire game.
 D = Other kills in this place as a percentage of other kills in the entire game.
 E = Experience gained in this place as a percentage of experience gained in the entire game.
 F = Experience gained in this place divided by the number of levels of this place that you have seen.
                   A       B       C       D       E      F
               +-------+-------+-------+-------+-------+----------------------
         Total | 100.0 | 100.0 |   N/A |   N/A | 100.0 |  30.0
       Dungeon | 100.0 | 100.0 |   N/A |   N/A | 100.0 |  30.0
               +-------+-------+-------+-------+-------+----------------------

Table legend: (Time is in decaauts)
 A = Elapsed time spent in this place.
 B = Non-inter-level travel time spent in this place.
 C = Inter-level travel time spent in this place.
 D = Time resting spent in this place.
 E = Time spent auto-exploring this place.
 F = Levels seen in this place.
 G = Mean time per level.
                   A        B        C        D        E       F      G
               +--------+--------+--------+--------+--------+-----+--------+
         Total |   1556 |   1515 |     41 |      0 |   1223 |   3 |  518.7 |
       Dungeon |   1556 |   1515 |     41 |      0 |   1223 |   3 |  518.7 |
               +--------+--------+--------+--------+--------+-----+--------+

Top non-repeatable levels by time:
     D:2: 701 daAuts
     D:1: 522 daAuts
     D:3: 332 daAuts
